 Dungeon Crawl Stone Soup version 0.27.1-33-g824d729ab1 (webtiles) character file.

Game seed: 14839737582568881438

193 lordive the Insei (level 5, -4/37 HPs)
             Began as a Demonspawn Transmuter on Dec 27, 2021.
             Killed from afar by an orc wizard (6 damage)
             ... with a puff of flame
             ... on level 4 of the Dungeon.
             The game lasted 00:04:25 (3598 turns).

lordive the Insei (Demonspawn Transmuter)           Turns: 3598, Time: 00:04:26

Health: -4/37      AC:  3    Str: 11    XL:     5   Next: 44%
Magic:  8/9        EV: 12    Int: 15    God:
Gold:   61         SH:  0    Dex: 13    Spells: 1/9 levels left

rFire    . . .     SeeInvis .     - Unarmed
rCold    . . .     Faith    .   (no shield)
rNeg     . . .     Spirit   .   a - +0 robe
rPois    .         Reflect  .   (helmet currently unavailable)
rElec    .         Harm     .   (no cloak)
rCorr    +         Rampage  .   b - +0 pair of gloves
Will     .....                  (boots currently unavailable)
Stlth    ++........             (no amulet)
HPRegen  0.12/turn              c - ring of resist corrosion
MPRegen  0.11/turn              (no ring)

@: appendages
A: horns 2, talons 2, foul stench 1
a: End Transformation


You were on level 4 of the Dungeon.
You had temporarily grown beastly horns and talons.
You visited 1 branch of the dungeon, and saw 4 of its levels.

You collected 61 gold pieces.

Inventory:

Missiles
 g - a throwing net
Armour
 a - a +0 robe (worn)
 b - a +0 pair of gloves (worn)
Jewellery
 c - a ring of resist corrosion (left hand)
Wands
 k - a wand of digging (5)
Scrolls
 d - a scroll of vulnerability {unknown}
 e - 2 scrolls of identify {unknown}
 f - a scroll of noise {unknown}
 i - a scroll of blinking {unknown}
 l - a scroll of magic mapping {unknown}
Potions
 h - 3 potions of haste {unknown}
 j - a potion of resistance {unknown}


   Skills:
 + Level 1.3 Fighting
 + Level 2.3 Dodging
 + Level 0.8 Stealth
 + Level 3.8 Unarmed Combat
 + Level 2.9 Spellcasting
 * Level 3.2 Transmutations


You had one spell level left.
You knew the following spells:

 Your Spells              Type           Power      Damage    Failure   Level
a - Beastly Appendage     Tmut           22%        N/A       5%          1
b - Spider Form           Tmut/Pois      3%         N/A       30%         3
c - Ice Form              Ice/Tmut       7%         N/A       71%         4

Your spell library contained the following spells:

 Spells                   Type           Power      Damage    Failure   Level
 Foxfire                  Conj/Fire      8%         2x1d4     21%         1
 Wereblood                Tmut           11%        N/A       9%          2
 Conjure Flame            Conj/Fire      2%         6-21      52%         3
 Inner Flame              Hex/Fire       2%         N/A       52%         3


Dungeon Overview and Level Annotations

Branches:
Dungeon (4/15)
 Temple: D:4-7

Altars:
Hepliaklqana
Trog

Shops:
D:1 *


Innate Abilities, Weirdness & Mutations

You have temporarily grown beastly horns and talons.
You may rarely emit foul miasma when damaged in melee.


Message History

Your horns disappear.
Your talons disappear.
The orc wizard closely misses you.
The orc wizard points at you and mumbles some strange words.
The puff of flame hits you. The orc hits you with a +0 club.
The orc wizard casts a spell.
The orc wizard flickers and vanishes!
Deactivating autopickup; reactivate with Ctrl-A.
Things that are here:
a +0 club; an orc corpse You miss something.
You hear some strange, mumbled words.
Something tries to affect you, but you resist.
The orc barely misses you.
You closely miss something.
You hear some strange, mumbled words.
A magic dart appears from out of thin air!
The magic dart hits you. The orc closely misses you.
You barely miss something. You barely miss the orc. Something hits you.
You barely miss the orc.
You hear some strange, mumbled words.
A puff of flame appears from out of thin air!
The puff of flame hits you.
* * * LOW HITPOINT WARNING * * *
You are too injured to fight recklessly!
You are too injured to fight recklessly!
Casting: Beastly Appendage (safe; 5% risk of failure)
Confirm with . or Enter, or press ? or * to list all spells.
You grow a pair of large bovine horns.
Your feet morph into talons.
The orc hits you with a +0 club.
* * * LOW HITPOINT WARNING * * *
Something hits you.
* * * LOW HITPOINT WARNING * * *
You hit the orc. You claw the orc.
You kill the orc!
You hear some strange, mumbled words.
A puff of flame appears from out of thin air!
The puff of flame hits you.
You die...

#...####
###......#
.........#
###......#
#<.....<.#
..#......#
#####..#.###
#.....#.)####
..##...@{o.#
. #.#####.#
#.. # ...
.... .###


You could see an orc.

Vanquished Creatures
  An orc priest (D:4)
  Natasha (thrice) (D:2)
  3 adders
  A worm (D:3)
  2 dart slugs
  2 orcs
  6 endoplasms
  2 giant cockroaches
  5 goblins
  2 hobgoblins
  4 jackals (D:2)
  4 kobolds
  4 quokkas
  4 ball pythons
  3 bats
  4 frilled lizards
  6 rats
56 creatures vanquished.

Notes
Turn   | Place    | Note
-------+----------+-------------------------------------------
     0 | D:1      | lordive the Demonspawn Transmuter began the quest for the
                  | Orb.
     0 | D:1      | Reached XP level 1. HP: 15/15 MP: 3/3
   185 | D:1      | Found Hexa's Assorted Antiques.
   387 | D:1      | Gained mutation: You may rarely emit foul miasma when
                  | damaged in melee. [demonic ancestry]
   387 | D:1      | Reached XP level 2. HP: 21/21 MP: 3/5
   900 | D:2      | Noticed Natasha
   906 | D:2      | Killed Natasha
   907 | D:2      | Reached XP level 3. HP: 25/26 MP: 6/6
  1240 | D:2      | Noticed Natasha
  1252 | D:2      | Killed Natasha
  1253 | D:2      | Reached XP level 4. HP: 3/32 MP: 7/7
  1548 | D:2      | Found a bloodstained altar of Trog.
  1673 | D:2      | Noticed Natasha
  1686 | D:2      | Killed Natasha
  1850 | D:2      | Found a faded altar of an unknown god.
  2095 | D:2      | Learned a level 3 spell: Spider Form
  2100 | D:2      | Learned a level 4 spell: Ice Form
  2552 | D:3      | Reached XP level 5. HP: 28/37 MP: 7/9
  3440 | D:3      | Found a hazy altar of Hepliaklqana.
  3598 | D:4      | Killed from afar by an orc wizard

Illustrated notes

Levels and vault maps discovered:
D:1:      lightli_arrival_statuegarden, layout_basic, serial_shops, shop
D:2:      layout_rooms, hellmonk_ecumenical_altar_crossroads, basic_altar,
          uniq_natasha
D:3:      minmay_inner_zag, layout_loops_ring, lemuel_coloured_pillars_altar,
          kennysheep_generic_room_3
D:4:      layout_rooms, nicolae_overflow_crystal_walls, gup_sewer_entry_pipe

Skill      XL: |  1  2  3  4 |
---------------+-------------+-----
Transmutations | 2 3 |  3.2
Unarmed Combat | 3 |  3.8
Dodging        | 2 |  2.3
Fighting       | |  1.3
Stealth        | |  0.8
Spellcasting   | |  2.9

Action                   |  1- 3 |  4- 6 || total
-------------------------+-------+-------++-------
Melee: Unarmed           |    74 |   101 ||   175
       Headbutt          |     7 |    11 ||    18
       Kick              |    16 |    20 ||    36
       Punch             |     1 |     1 ||     2
 Cast: Beastly Appendage |    15 |    25 ||    40
 Stab: Sleeping          |       |     1 ||     1
Armor: Robe              |    14 |    17 ||    31
Dodge: Dodged            |    39 |    48 ||    87
